 Dungeon Crawl Stone Soup version 0.31-a0-345-g1ebeae05c6 (webtiles) character file.

Game seed: 17108721822389699966

1416 LeprechaunX the Changeling (level 8, -8/48 HPs)
             Began as an Octopode Shapeshifter on July 23, 2023.
             Was a Follower of Hepliaklqana.
             Mangled by an ice beast (14 damage)
             ... on level 6 of the Dungeon.
             The game lasted 00:05:11 (5327 turns).

LeprechaunX the Changeling (Octopode Shapeshifter)  Turns: 5327, Time: 00:05:12

Health: -8/48      AC:  1    Str: 16    XL:     8   Next: 71%
Magic:  8/8        EV: 15    Int: 12    God:    Hepliaklqana [*.....]
Gold:   137        SH:  0    Dex: 19    Spells: 7/7 levels left

rFire   . . .        t - +3 war axe of Destiny {freeze, rElec Int+2 Stlth+}
rCold   . . .        (no shield)
rNeg    + . .        (helmet currently unavailable)
rPois   .            (no amulet)
rElec   +            g - +6 ring of dexterity
rCorr   .            j - ring of positive energy
SInv    .            (no ring)
Will    .....        (no ring)
Stlth   ++++         (no ring)
HPRegen 0.28/turn    (no ring)
MPRegen 0.11/turn    (no ring)
                     (no ring)

%: no passive effects
@: beast-form
A: beast (slay +4), reduced essence, almost no armour, amphibious, 8 rings,
camouflage 1, gelatinous body 1, (nimble swimmer 1), tentacles
a: Begin Untransformation, Renounce Religion, Recall Ancestor, Ancestor Identity


You were on level 6 of the Dungeon.
You worshipped Hepliaklqana.
Hepliaklqana was aware of your devotion.
You were a hulking beast.
You visited 2 branches of the dungeon, and saw 7 of its levels.

You collected 137 gold pieces.

Inventory:

Hand Weapons
 t - the +3 war axe of Destiny (weapon) {freeze, rElec Int+2 Stlth+}
   (You found it on level 4 of the Dungeon)

   Int:       It affects your intelligence (+2).
   rElec:     It insulates you from electricity.
   Stlth:     It makes you more stealthy.
Missiles
 k - 5 silver javelins (quivered)
Armour
 e - a +0 buckler
Jewellery
 g - a +6 ring of dexterity (left tentacle)
 j - a ring of positive energy (right tentacle)
Talismans
 b - a beast talisman
 c - a maw talisman
Wands
 A - a wand of mindburst (17)
Scrolls
 d - 2 scrolls of amnesia {unknown}
 f - a scroll of enchant armour {unknown}
 h - 12 scrolls of identify {unknown}
 l - a scroll of poison {unknown}
 o - a scroll of blinking {unknown}
 u - 2 scrolls of noise {unknown}
 v - a scroll of enchant weapon {unknown}
 y - a scroll of teleportation {unknown}
 z - a scroll of immolation {unknown}
 B - a scroll of vulnerability {unknown}
Potions
 a - 2 potions of lignification
 i - 5 potions of enlightenment {unknown}
 m - 2 potions of attraction {unknown}
 n - a potion of resistance {unknown}
 p - 2 potions of haste {unknown}
 q - 2 potions of might {unknown}
 r - a potion of magic {unknown}
 s - 2 potions of heal wounds {unknown}
 w - 2 potions of mutation {unknown}
 x - a potion of curing {unknown}


   Skills:
 + Level 4.1 Fighting
 + Level 3.2 Axes
 + Level 4.5 Dodging
 + Level 5.7 Unarmed Combat
 * Level 5.9 Shapeshifting


You had 7 spell levels left.
You didn't know any spells.
Your spell library contained the following spells:

 Spells                   Type           Power      Damage    Failure   Level
 Necrotise                Necr           0%         1d4       32%         1
 Summon Small Mammal      Summ           0%         N/A       32%         1
 Cigotuvi's Dreadful Rot  Necr/Pois/Air  0%         N/A       45%         2
 Sublimation of Blood     Necr           0%         N/A       45%         2
 Wereblood                Tmut           0%         N/A       45%         2
 Gell's Gravitas          Tloc           0%         N/A       69%         3
 Teleport Other           Tloc           0%         N/A       69%         3
 Vampiric Draining        Necr           0%         2d6       69%         3
 Dispel Undead            Necr           0%         3d6       97%         4
 Agony                    Necr           0%         N/A       100%        5
 Death Channel            Necr           0%         N/A       100%        6
 Dispersal                Tloc           0%         N/A       100%        6
 Summon Hydra             Summ           0%         N/A       100%        7


Dungeon Overview and Level Annotations

Branches:
Dungeon (6/15)             Temple (1/1) D:4

Altars:
Ashenzari
Cheibriados
Dithmenos
Elyvilon
Fedhas
Gozag
Hepliaklqana
Kikubaaqudgha
Makhleb
Nemelex Xobeh
Okawaru
Qazlal
Ru
Sif Muna
Trog
Vehumet
Wu Jian
Yredelemnul
Zin
The Shining One

Shops:
D:3 (


Innate Abilities, Weirdness & Mutations

You are a hulking beast.
Your limbs bulge with bestial killing power. (Slay +4)
Your life essence is reduced to manifest your ancestor. (-10% HP)
You cannot wear most types of armour.
You are amphibious.
You can wear up to eight rings at the same time.
Your skin changes colour to match your surroundings (Stealth+).
Your rubbery body absorbs attacks. (AC +1, EV +1)
((You are camouflaged when in or above water. (Stealth+)))
You have tentacles for arms and can constrict up to eight enemies at once.


Message History

Ilshubani hits the orc priest!
The orc priest hits you with a +0 hand axe.
The orc priest closely misses Ilshubani.
Something hits you.
Ilshubani hits the orc priest.
You slash the orc priest! You freeze the orc priest.
You kill the orc priest!
You completely miss something. Something hits you.
No target in view!
No target in view!
No target in view!
You slash something! You freeze something.
Reactivating autopickup.
You feel a bit more experienced.
Things that are here:
a +0 dagger; a +0 robe; an orc corpse An ice beast comes into view.
The ice beast moves out of view.
Found a stone staircase leading down and a stone staircase leading up.
An ice beast is nearby!
An ice beast is nearby!
An ice beast is nearby!
The ice beast hits you. The ice beast freezes you.
You hit the ice beast but do no damage.
You tentacle-slap the ice beast, but do no damage.
You squeeze the ice beast!
The ice beast is moderately wounded.
The ice beast hits you. The ice beast freezes you! The ice beast hits you.
The ice beast freezes you!
* * * LOW HITPOINT WARNING * * *
Ilshubani hits the ice beast.
You hit the ice beast but do no damage.
The ice beast is heavily wounded.
Ilshubani hits the ice beast.
The ice beast completely misses you.
You closely miss the ice beast. Your squeeze misses the ice beast.
The ice beast is severely wounded.
An orc wizard comes into view. It is wielding a +0 dagger.
Ilshubani hits the ice beast.
The ice beast hits you.
* * * LOW HITPOINT WARNING * * *
The ice beast freezes you!
You die...

#..>.###........##..#.##
#.....#.................
##.##...#.......##..#.#.
#.######.....>.##.)#.##
#.######...............
#.##>......#########)##
#.##o#####.# #)#
#.....R.##.# #.#
####..hY...# ..#
#.......# ### #.##.##.#
#<# ... .. #.# ###.# #
#.. # ### ### #.. ###..
#....


You could see the friendly Ilshubani the ancestor, an ice beast (ally target)
and an orc wizard.

Vanquished Creatures
  An ice beast (D:6)
  An ogre (D:5)
  A phantom (D:6)
  A bullfrog (D:5)
  3 scorpions
  2 hounds
  An orc priest (D:6)
  A jelly (D:4)
  Terence (D:2)
  5 iguanas
  Natasha (D:2)
  6 orc wizards
  Robin (D:2)
  4 adders
  6 gnolls
  2 worms
  4 dart slugs
  5 orcs
  5 ball pythons
  9 endoplasms
  A giant cockroach (D:1)
  13 goblins
  6 hobgoblins
  2 jackals (D:4)
  3 kobolds
  2 quokkas
  4 bats
  A frilled lizard (D:1)
  4 rats
96 creatures vanquished.

Vanquished Creatures (collateral kills)
  Maggie (D:6)
  A gnoll (D:6)
  An orc (D:6)
3 creatures vanquished.

Grand Total: 99 creatures vanquished

Notes
Turn   | Place    | Note
-------+----------+-------------------------------------------
     0 | D:1      | LeprechaunX the Octopode Shapeshifter began the quest for
                  | the Orb.
     0 | D:1      | Reached XP level 1. HP: 13/13 MP: 1/1
   158 | D:1      | Reached XP level 2. HP: 13/18 MP: 2/2
   816 | D:2      | Reached XP level 3. HP: 23/23 MP: 3/3
  1226 | D:2      | Noticed Robin
  1256 | D:2      | Killed Robin
  1262 | D:2      | Reached XP level 4. HP: 25/28 MP: 4/4
  1351 | D:2      | Noticed Terence
  1360 | D:2      | Killed Terence
  1630 | D:2      | Noticed Natasha
  1639 | D:2      | Killed Natasha
  1915 | D:3      | Reached XP level 5. HP: 34/34 MP: 5/5
  2322 | D:3      | Found Zana's Antique Weapon Shoppe.
  2981 | D:4      | Reached XP level 6. HP: 32/39 MP: 6/6
  2982 | D:4      | Identified the +3 war axe of Destiny {freeze, rElec Int+2
                  | Stlth+}
  3084 | D:4      | Found a staircase to the Ecumenical Temple.
  3119 | Temple   | Entered the Ecumenical Temple
  3166 | D:4      | Found an ancient bone altar of Kikubaaqudgha.
  3179 | D:4      | Found a shimmering blue altar of Sif Muna.
  3217 | D:4      | Got Sif Muna's Tome of the Legion
  3228 | D:4      | Found a radiant altar of Vehumet.
  3276 | D:4      | Reached skill level 1 in Axes
  3352 | D:4      | Found a hazy altar of Hepliaklqana.
  3453 | D:4      | Became a worshipper of Hepliaklqana the Forgotten
  3494 | D:5      | Entered Level 5 of the Dungeon
  3649 | D:5      | Reached XP level 7. HP: 36/45 MP: 7/7
  3744 | D:5      | Reached skill level 5 in Unarmed Combat
  4104 | D:5      | Reached skill level 5 in Shapeshifting
  4188 | D:5      | Reached * piety under Hepliaklqana
  4885 | D:6      | Reached XP level 8. HP: 46/46 MP: 8/8
  5108 | D:6      | Noticed Maggie
  5115 | D:6      | Killed Maggie
  5327 | D:6      | Mangled by an ice beast

Illustrated notes

Levels and vault maps discovered:
D:1:      lordsloth_arrival_two_stooges, layout_basic, glass_columns_a
D:2:      layout_basic, uniq_robin, uniq_natasha, uniq_terence
D:3:      layout_loops_ring, serial_shops, nicolae_shop_stone, dk_vineyard_3
D:4:      layout_rooms, palyth_temple_overflow_mages,
          nicolae_hepliaklqana_hippocampus, temple_pool_b, minmay_quantized
D:5:      layout_layer_cave
D:6:      layout_loops_cross, uniq_duvessa, uniq_maggie
Temple:   nicolae_temple_x_marks_the_god

Skill      XL: |  1  2  3  4  5  6  7  8 |
---------------+-------------------------+-----
Unarmed Combat | 4 5 |  5.7
Fighting       | 2 3 4 |  4.1
Shapeshifting  | 4 5 |  5.9
Dodging        | 3 4 |  4.5
Axes           | 1 2 3 |  3.2

Action                     |  1- 3 |  4- 6 |  7- 9 || total
---------------------------+-------+-------+-------++-------
  Melee: Unarmed           |    44 |    62 |       ||   106
         Constrict         |    12 |    21 |    12 ||    45
         Tentacles         |     8 |    19 |    13 ||    40
         War axe           |       |    23 |    48 ||    71
         Punch             |       |     1 |     3 ||     4
  Throw: Javelin           |     1 |       |     4 ||     5
   Stab: Sleeping          |     2 |    10 |     5 ||    17
         Distracted        |     1 |     1 |       ||     2
 Armour: Skin              |     3 |     4 |     2 ||     9
  Dodge: Dodged            |    22 |    51 |    26 ||    99

Table legend: (Time is in decaauts)
 A = Elapsed time spent in this place.
 B = Non-inter-level travel time spent in this place.
 C = Inter-level travel time spent in this place.
 D = Time resting spent in this place.
 E = Time spent auto-exploring this place.
 F = Levels seen in this place.
 G = Mean time per level.
                   A        B        C        D        E       F      G
               +--------+--------+--------+--------+--------+-----+--------+
         Total |   5349 |   5105 |    244 |    498 |   3942 |   7 |  764.1 |
       Dungeon |   5331 |   5087 |    244 |    498 |   3942 |   6 |  888.5 |
        Temple |     17 |     17 |      0 |      0 |      0 |   1 |   17.0 |
               +--------+--------+--------+--------+--------+-----+--------+

Top non-repeatable levels by time:
     D:2: 1315 daAuts
     D:5: 1153 daAuts
     D:4: 795 daAuts
     D:1: 708 daAuts
     D:6: 701 daAuts
     D:3: 658 daAuts
  Temple: 17 daAuts
